 Dungeon Crawl Stone Soup version 0.27.1-34-g3ba077fa99 (webtiles) character file.

Game seed: 8911175613446929576

626 boopmooplesden the Covered (level 7, 0/51 (60) HPs)
             Began as a Minotaur Fighter on Jan 3, 2022.
             Slain by Edmund (5 damage)
             ... on level 4 of the Dungeon.
             The game lasted 00:04:29 (3707 turns).

boopmooplesden the Covered (Minotaur Fighter)       Turns: 3707, Time: 00:04:30

HP:   0/51 (60)     AC: 12    Str: 22    XL:     7   Next: 23%
MP:   6/6           EV:  6    Int:  5    God:
Gold: 240           SH: 10    Dex: 10    Spells: 6/6 levels left

rFire    . . .     SeeInvis .   a - +0 long sword (spect)
rCold    . . .     Faith    .   c - +0 kite shield
rNeg     . . .     Spirit   .   n - +0 chain mail
rPois    .         Reflect  .   h - +0 hat
rElec    .         Harm     .   i - +1 cloak
rCorr    .         Rampage  .   (no gloves)
Will     .....                  (no boots)
Stlth    ..........             (no amulet)
HPRegen  0.17/turn              (no ring)
MPRegen  0.10/turn              (no ring)

@: heavily drained
A: horns 2, retaliatory headbutt
a: no special abilities


You were on level 4 of the Dungeon.
You visited 1 branch of the dungeon, and saw 4 of its levels.
You also visited: Sewer.

You collected 240 gold pieces.

Inventory:

Hand Weapons
 a - a +0 spectral long sword (weapon)
Missiles
 w - 8 javelins (quivered)
Armour
 b - a +0 scale mail
 c - a +0 kite shield (worn)
 h - a +0 hat (worn)
 i - a +1 cloak (worn)
 n - a +0 chain mail (worn)
 p - a +0 plate armour
Wands
 e - a wand of flame (13)
 f - a wand of digging (3)
 u - a wand of iceblast (9)
Scrolls
 l - 4 scrolls of teleportation
 r - 3 scrolls of identify {unknown}
 t - a scroll of immolation {unknown}
 x - a scroll of amnesia {unknown}
Potions
 d - a potion of might
 g - a potion of resistance {unknown}
 j - 2 potions of heal wounds
 k - 2 potions of attraction {unknown}
 m - 3 potions of flight
 o - 2 potions of curing
 q - a potion of lignification {unknown}
 s - a potion of invisibility {unknown}
 v - a potion of cancellation {unknown}


   Skills:
 + Level 4.5 Fighting
 + Level 5.6 Long Blades
 + Level 6.1 Armour
 + Level 1.0 Dodging
 + Level 1.2 Stealth
 + Level 5.9 Shields


You had 6 spell levels left.
You didn't know any spells.
Your spell library was empty.

Dungeon Overview and Level Annotations

Branches:
Dungeon (4/15)              Sewer (visited)
 Temple: D:4-7

Altars:

Annotations:
D:4 Edmund


Innate Abilities, Weirdness & Mutations

You have a pair of horns on your head.
You reflexively headbutt those who attack you in melee.


Message History

The ogre hits you with a +0 giant club.
Your chain mail prevents you from hitting the ogre.
The ogre is severely wounded.
Edmund closely misses you. The ogre hits you with a +0 giant club!
Edmund barely misses you.
You riposte.
You barely miss Edmund. Your headbutt misses Edmund.
Edmund is heavily wounded.
You hit the ogre. You headbutt the ogre.
You kill the ogre!
You block Edmund's attack.
You closely miss Edmund.
Edmund is heavily wounded.
You block Edmund's attack.
You slash Edmund! You headbutt Edmund, but do no damage.
Edmund is severely wounded.
Edmund barely misses you.
You slash Edmund! Your headbutt misses Edmund.
Edmund is almost dead.
Edmund hits you with a +1 dire flail of draining.
You feel drained.
* * * LOW HITPOINT WARNING * * *
Edmund completely misses you.
You riposte.
You hit Edmund but do no damage.
Edmund is almost dead.
You hit Edmund but do no damage. Your headbutt misses Edmund.
Edmund is almost dead.
Edmund gestures with his flail.
Edmund hits you with a +1 dire flail of draining.
* * * LOW HITPOINT WARNING * * *
You feel drained.
You hit Edmund. Your headbutt misses Edmund.
Edmund is almost dead.
Edmund hits you with a +1 dire flail of draining!
* * * LOW HITPOINT WARNING * * *
You feel drained.
* * * LOW HITPOINT WARNING * * *
You closely miss Edmund. Your headbutt misses Edmund.
Edmund is almost dead.
Edmund hits you but does no damage.
You feel drained.
Edmund hits you with a +1 dire flail of draining.
You die...

##....#....#.........
#....<#...........###
#.....#.####.....#...
#.....#.# ##...).#...
#.....#.###......#.##
#.....#.##.........#≈
#†)...#.##.........#≈
#.#####.##.........#≈
#..@@....#..)[.....#≈
#(#####.##.........#≈
##########.........##
#....................
#.########.########.#
#.# #......# #.# #.#
#.###### #.# #.###.#
#.# #.....# #.#


You could see Edmund.

Vanquished Creatures
  A black bear (D:4)
  An ogre (D:4)
  A kobold brigand (Sewer)
  A scorpion (D:4)
  A jelly (D:4)
  Terence (D:3)
  A gnoll shaman (D:4)
  Ijyb (D:3)
  4 gnolls (D:3)
  2 river rats (Sewer)
  8 adders
  2 worms
  2 dart slugs
  An orc (D:4)
  10 ball pythons
  7 endoplasms
  6 giant cockroaches
  10 goblins
  3 hobgoblins
  6 jackals
  9 kobolds
  6 quokkas
  5 bats
  2 frilled lizards (D:2)
  4 rats
95 creatures vanquished.

Notes
Turn   | Place    | Note
-------+----------+-------------------------------------------
     0 | D:1      | boopmooplesden the Minotaur Fighter began the quest for the
                  | Orb.
     0 | D:1      | Reached XP level 1. HP: 19/19 MP: 0/0
   170 | D:1      | Reached XP level 2. HP: 26/27 MP: 1/1
   289 | D:1      | Found a faded altar of an unknown god.
   588 | D:2      | Reached skill level 4 in Armour
   700 | D:2      | Reached XP level 3. HP: 33/33 MP: 2/2
  1894 | D:3      | Noticed Terence
  1897 | D:3      | Killed Terence
  1898 | D:3      | Reached skill level 1 in Stealth
  1898 | D:3      | Reached XP level 4. HP: 38/40 MP: 3/3
  1995 | D:3      | Noticed Ijyb
  1999 | D:3      | Killed Ijyb
  2405 | D:3      | Reached XP level 5. HP: 34/46 MP: 4/4
  2415 | D:3      | Reached skill level 5 in Armour
  2592 | D:3      | You fall into a shaft and drop 1 floor!
  2596 | D:4      | Reached skill level 5 in Shields
  2847 | D:4      | Found a glowing drain.
  2856 | D:4      | Reached XP level 6. HP: 51/52 MP: 5/5
  2867 | Sewer    | Entered a sewer
  3097 | Sewer    | Found a white marble altar of Elyvilon.
  3294 | D:4      | Reached skill level 5 in Long Blades
  3685 | D:4      | Noticed Edmund
  3690 | D:4      | Reached skill level 6 in Armour
  3690 | D:4      | Reached skill level 1 in Dodging
  3690 | D:4      | Reached XP level 7. HP: 57/60 MP: 6/6
  3707 | D:4      | Slain by Edmund

Illustrated notes

Levels and vault maps discovered:
D:1:      dpeg_arrival_orchard, layout_basic,
          hellmonk_ecumenical_altar_slurped_away
D:2:      layout_basic
D:3:      layout_loops_corners, uniq_ijyb, uniq_terence
D:4:      layout_basic, gup_sewer_entry_glass, minmay_pentangle, uniq_edmund

Skill      XL: |  1  2  3  4  5  6 |
---------------+-------------------+-----
Shields        | 4 5 |  5.9
Armour         | 4 5 6 |  6.1
Fighting       | 4 |  4.5
Long Blades    | 3 4 5 |  5.6
Stealth        | 1 |  1.2
Dodging        | 1 |  1.0

Action                   |  1- 3 |  4- 6 |  7- 9 || total
-------------------------+-------+-------+-------++-------
Melee: Long sword        |    73 |   104 |    15 ||   192
       Headbutt          |    14 |    19 |     2 ||    35
  Use: Scroll            |     4 |       |       ||     4
Armor: Scale mail        |    41 |       |       ||    41
       Chain mail        |     1 |    62 |     5 ||    68
Dodge: Dodged            |    27 |    30 |     5 ||    62
Block: Kite shield       |    40 |    55 |     5 ||   100
       Rpst.: Long sword |    10 |     6 |     3 ||    19
